 Dungeon Crawl Stone Soup version bcrawl-1.19.1 (webtiles) character file.

Game seed: 14215807996168088609

81 Revguard the Ducker (level 4, -2/32 HPs)
             Began as a Human Archaeologist on Nov 27, 2019.
             Killed by divine providence
             ... invoked by an orc priest
              (10 damage)
             ... on level 3 of the Dungeon.
             The game lasted 00:07:49 (2095 turns).

Revguard the Ducker (Human Archaeologist)           Turns: 2095, Time: 00:07:50

Health: -2/32      AC:  7    Str: 12    XL:     4   Next: 67%
Magic:  5/5        EV: 13    Int: 20    God:
Gold:   112        SH:  0    Dex: 11    Spells: 3/3 levels left

rFire    . . .     SeeInvis .   p - +0 dagger (protect)
rCold    . . .     Gourm    .   (no shield)
rNeg     . . .     Faith    .   t - +1 leather armour {MR+}
rPois    .         Spirit   .   a - +0 helmet
rElec    .         Reflect  .   h - scarf {cloud immunity}
rCorr    .         Harm     .   (no gloves)
MR       +....                  d - +1 pair of boots
Stlth    ++........             (no amulet)
HPRegen  0.10/turn              (no ring)
MPRegen  0.09/turn              (no ring)

@: brilliant, studying Bows
A: no striking features
a: no special abilities


You were on level 3 of the Dungeon.
You were not hungry.

You visited 1 branch of the dungeon, and saw 3 of its levels.

You collected 112 gold pieces.

Inventory:

Hand Weapons
 p - a +0 dagger of protection (weapon)
Armour
 a - a +0 helmet (worn)
 d - a +1 pair of boots (worn)
 h - a scarf of cloud immunity (worn)
 s - a +0 cloak
 t - a +1 leather armour of magic resistance (worn)
Scrolls
 i - 2 scrolls of identify
 l - 3 scrolls of teleportation
 n - a scroll of remove curse
Books
 e - a manual of Bows
Miscellaneous
 f - an ancient crate
Comestibles
 g - 6 rations {!d}


   Skills:
 + Level 1.5 Fighting
 + Level 0.5 Short Blades
   Level 1.0(1.4) Axes
   Level 1.5(1.7) Maces & Flails
 * Level 1.5 Bows
 + Level 1.1 Armour
 + Level 4.1 Dodging
 + Level 3.7 Stealth
 * Level 1.4 Evocations


You had 3 spell levels left.
You didn't know any spells.
Your spell library was empty.

Dungeon Overview and Level Annotations

Branches:
Dungeon (3/12)

Altars:


Message History

You barely miss the frilled lizard.
You feel sick.
The frilled lizard bites you but does no damage.
You miss the frilled lizard.
The frilled lizard bites you but does no damage.
You barely miss the frilled lizard.
The frilled lizard bites you but does no damage.
The orc priest invokes the aid of Beogh against you.
Beogh smites you!
You miss the frilled lizard. The frilled lizard barely misses you.
You miss the frilled lizard.
You feel sick.
You are no longer poisoned.
The frilled lizard hisses.
The frilled lizard bites you but does no damage.
You closely miss the frilled lizard. The frilled lizard barely misses you.
The orc priest mumbles some strange prayers to Beogh against you.
Beogh smites you!
* * * LOW HITPOINT WARNING * * *
The orc priest invokes the aid of Beogh against you.
Beogh smites you!
You die...

#.......# ....o...#
.....# #......# ....#
#.....$## #...#
#....### #...#
#....o.# #...#
#....#o# #...#
#....#.# #...#
.......#.###.l@####.#
####...#So.o.##.....#
#...########.#####
#...# #<# ##### #.#
..# .... #####


You could see an orc priest, an adder, an orc and a frilled lizard.

Vanquished Creatures
  An adder (D:3)
  An ooze (D:1)
  A dart slug (D:1)
  3 leopard geckos
  A ball python (D:2)
  8 giant cockroaches
  8 goblins
  3 hobgoblins (D:1)
  6 jackals
  2 quokkas (D:2)
  4 bats
  8 frilled lizards
  7 kobolds
  5 rats
58 creatures vanquished.

Notes
Turn   | Place    | Note
-------+----------+-------------------------------------------
     0 | D:1      | Revguard the Human Archaeologist began the quest for the
                  | Orb.
     0 | D:1      | Reached XP level 1. HP: 15/15 MP: 1/1
   150 | D:1      | Reached XP level 2. HP: 13/21 MP: 2/2
   418 | D:1      | Reached XP level 3. HP: 23/26 MP: 3/3
   456 | D:1      | Reached skill level 1 in Axes
   456 | D:1      | Reached skill level 1 in Evocations
  1222 | D:2      | Reached skill level 4 in Dodging
  1222 | D:2      | Reached XP level 4. HP: 32/32 MP: 4/4
  1253 | D:2      | Reached skill level 1 in Armour
  1719 | D:2      | Reached skill level 1 in Bows
  2095 | D:3      | Killed from afar by an orc priest

Skill      XL: |  1  2  3  4 |
---------------+-------------+-----
Axes           | 1 |  1.0
Evocations     | 1 |  1.4
Dodging        | 4 |  4.1
Armour         | 1 |  1.1
Bows           | 1 |  1.5
Fighting       | |  1.5
Short Blades   | |  0.5
Maces & Flails | |  1.5
Stealth        | |  3.7

Action                   |  1- 3 |  4- 6 || total
-------------------------+-------+-------++-------
Melee: Hand axe          |    73 |       ||    73
       Dagger            |   101 |   144 ||   245
       Short sword       |    21 |       ||    21
  Use: Scroll            |     6 |     1 ||     7
       Potion            |       |     2 ||     2
 Stab: Sleeping          |     6 |     2 ||     8
  Eat: Chunk             |     1 |     3 ||     4
Armor: Leather armour    |    99 |    71 ||   170
Dodge: Dodged            |   219 |   150 ||   369
